 Dungeon Crawl Stone Soup version 0.28-a0-1429-gf3d713df7a (webtiles) character file.

Game seed: 7510471132193614669

318 karrick the Covered (level 6, -1/38 HPs)
             Began as a Gargoyle Fighter on Jan 9, 2022.
             Slain by an ogre (19 damage)
             ... on level 4 of the Dungeon.
             The game lasted 00:07:16 (3802 turns).

karrick the Covered (Gargoyle Fighter)              Turns: 3802, Time: 00:07:16

Health: -1/38      AC: 17    Str: 20    XL:     6   Next: 45%
Magic:  15/15      EV: 10    Int:  8    God:
Gold:   141        SH:  4    Dex: 11    Spells: 5/5 levels left

rFire   . . .      SeeInvis .   a - +0 flail
rCold   . . .      Faith    .   c - +0 buckler
rNeg    + . .      Spirit   .   s - +5 ring mail of Ciuf Wecw {rPois Will+ MP+9}
rPois   ∞          Reflect  .   n - +0 helmet
rElec   +          Harm     .   l - +0 cloak
rCorr   .          Rampage  .   (no gloves)
Will    +....                   (no boots)
Stlth   +.........              (no amulet)
HPRegen 0.12/turn               (no ring)
MPRegen 0.14/turn               (no ring)

@: mighty
A: sickness immunity, AC +4, negative energy resistance 1, electricity
resistance, torment resistance 1, petrification resistance
a: no special abilities


You were on level 4 of the Dungeon.
You visited 1 branch of the dungeon, and saw 4 of its levels.

You collected 141 gold pieces.

Inventory:

Hand Weapons
 a - a +0 flail (weapon)
Missiles
 o - 4 javelins (quivered)
Armour
 b - a +0 scale mail
 c - a +0 buckler (worn)
 l - a +0 cloak (worn)
 n - a +0 helmet (worn)
 s - the +5 ring mail of Ciuf Wecw (worn) {rPois Will+ MP+9}
   (You found it on level 4 of the Dungeon)

   rPois:     It protects you from poison.
   MP:        It affects your magic capacity (+9).
   Will:      It increases your willpower.
Wands
 p - a wand of iceblast (12)
Scrolls
 e - 2 scrolls of identify {unknown}
 h - a scroll of amnesia {unknown}
 j - 2 scrolls of teleportation {unknown}
 k - a scroll of enchant armour {unknown}
Potions
 f - 2 potions of mutation {unknown}
 g - 3 potions of curing {unknown}
 i - 4 potions of lignification {unknown}
 m - a potion of ambrosia {unknown}
 q - a potion of flight {unknown}
 r - a potion of berserk rage {unknown}
 t - 2 potions of degeneration {unknown}
 u - a potion of haste {unknown}


   Skills:
 + Level 4.1 Fighting
 + Level 4.4 Maces & Flails
 + Level 4.9 Armour
 + Level 0.8 Dodging
 + Level 0.2 Stealth
 + Level 4.1 Shields


You had 5 spell levels left.
You didn't know any spells.
Your spell library contained the following spells:

 Spells                   Type           Power      Damage    Failure   Level
 Slow                     Hex            0%         N/A       67%         1
 Confusing Touch          Hex            0%         N/A       95%         3
 Vampiric Draining        Necr           0%         2d6       95%         3


Dungeon Overview and Level Annotations

Branches:
Dungeon (4/15)
 Temple: D:4-7

Altars:

Shops:
D:1 !


Innate Abilities, Weirdness & Mutations

You are immune to sickness and miasma.
Your stone body is resilient. (AC +4)
You are immune to poison.
You resist negative energy. (rN+)
You are resistant to electric shocks. (rElec)
You are resistant to unholy torment.
You are immune to petrification.


Message History

An ogre is nearby!
An ogre is nearby!
The ogre shouts!
You hear a shout!
A goblin comes into view. It is wielding a +0 club.
You see here an orb of mayhem.
You hit the ogre but do no damage.
The ogre hits you with a +0 giant spiked club!
You hit the ogre but do no damage.
The ogre hits you with a +0 giant spiked club.
You hit the ogre.
The ogre is lightly wounded.
The ogre hits you with a +0 giant spiked club!
You are too injured to fight recklessly!
You are too injured to fight recklessly!
You are too injured to fight recklessly!
You are too injured to fight recklessly!
You are too injured to fight recklessly!
You are too injured to fight recklessly!
You are too injured to fight recklessly!
You are too injured to fight recklessly!
You are too injured to fight recklessly!
You are too injured to fight recklessly!
You are too injured to fight recklessly!
You are too injured to fight recklessly!
You are too injured to fight recklessly!
You are too injured to fight recklessly!
You are too injured to fight recklessly!
You are too injured to fight recklessly!
You are too injured to fight recklessly!
You are too injured to fight recklessly!
You are too injured to fight recklessly!
You are too injured to fight recklessly!
You are too injured to fight recklessly!
Unknown command.
You see here an orb of mayhem.
There is an open door here.
You feel very mighty all of a sudden.
The ogre hits you with a +0 giant spiked club!!
Ouch! That really hurt!
You die...

#...'....♣♣♣.............#.#
#...#####.P..###########.#.#
..... ##..## #.#.#
.....######.## ###.#
..........# ###########.#
........g######........##..
.<.......##............##..
........g##............##..
.........O@................
....#######.....########...
.... #####.....# #... ...
#...)#############... ..
#....'...........+...
#....#############... #....#
#..<.... #....# #.#.####
#....# .. #..


You could see an ogre and a goblin.

Vanquished Creatures
  A black bear (D:4)
  A water moccasin skeleton (D:2)
  A jelly (D:4)
  Robin (D:2)
  A gnoll (D:1)
  4 adders
  An adder skeleton (D:4)
  A worm (D:3)
  An orc (D:3)
  2 endoplasms
  5 giant cockroaches
  15 goblins
  10 hobgoblins
  5 jackals
  5 kobolds
  4 quokkas
  3 ball pythons
  9 bats
  4 frilled lizards (D:1)
  4 rats (D:1)
78 creatures vanquished.

Vanquished Creatures (others)
  11 plants
11 creatures vanquished.

Grand Total: 89 creatures vanquished

Notes
Turn   | Place    | Note
-------+----------+-------------------------------------------
     0 | D:1      | karrick the Gargoyle Fighter began the quest for the Orb.
     0 | D:1      | Reached XP level 1. HP: 14/14 MP: 1/1
    84 | D:1      | Reached XP level 2. HP: 18/19 MP: 2/2
   169 | D:1      | Found Etyiquph's Distillery.
   344 | D:1      | Reached XP level 3. HP: 11/24 MP: 3/3
  1258 | D:2      | Reached XP level 4. HP: 20/29 MP: 4/4
  1497 | D:2      | Reached XP level 5. HP: 33/33 MP: 5/5
  1691 | D:2      | Found a faded altar of an unknown god.
  1913 | D:2      | Noticed Robin
  1958 | D:2      | Killed Robin
  3130 | D:4      | Noticed an ogre
  3154 | D:4      | Identified the +5 ring mail of Ciuf Wecw {rPois Will+ MP+9}
  3234 | D:4      | Noticed a black bear
  3240 | D:4      | Killed a black bear
  3241 | D:4      | Reached XP level 6. HP: 36/38 MP: 6/6
  3802 | D:4      | Slain by an ogre

Illustrated notes

Levels and vault maps discovered:
D:1:      dpeg_arrival_prison, layout_basic, serial_shops, shop,
          minmay_misc_feat_x, minivault_26
D:2:      layout_basic, serial_forest, infiniplex_forest_clump_curved,
          infiniplex_forest_clump_cross, infiniplex_forest_straight_3,
          infiniplex_forest_lined_3, infiniplex_forest_end_1,
          infiniplex_forest_end_2, infiniplex_forest_lined_room_,
          infiniplex_forest_end_2, infiniplex_forest_clump_small,
          dreamdust_ecumenical_altar_grove, minmay_diced_spiral, uniq_robin
D:3:      layout_loops_ring
D:4:      layout_basic, serial_forest, infiniplex_forest_end_2,
          infiniplex_forest_clump_small, infiniplex_forest_clump_medium,
          infiniplex_forest_lined_room_3, infiniplex_forest_end_1,
          infiniplex_forest_clump_small

Skill      XL: |  1  2  3  4  5 |
---------------+----------------+-----
Maces & Flails | 3 4 |  4.4
Armour         | 4 |  4.9
Shields        | 4 |  4.1
Fighting       | 4 |  4.1
Dodging        | |  0.8
Stealth        | |  0.2

Action                   |  1- 3 |  4- 6 || total
-------------------------+-------+-------++-------
Melee: Flail             |    95 |   186 ||   281
  Use: Potion            |       |     1 ||     1
Armor: Scale mail        |    46 |    88 ||   134
       Ring mail         |       |    21 ||    21
Dodge: Dodged            |    45 |    85 ||   130
Block: Buckler           |    18 |    35 ||    53

Table legend: (Time is in decaauts)
 A = Elapsed time spent in this place.
 B = Non-inter-level travel time spent in this place.
 C = Inter-level travel time spent in this place.
 D = Time resting spent in this place.
 E = Time spent auto-exploring this place.
 F = Levels seen in this place.
 G = Mean time per level.
                   A        B        C        D        E       F      G
               +--------+--------+--------+--------+--------+-----+--------+
         Total |   3882 |   3755 |    127 |     85 |   3022 |   4 |  970.5 |
       Dungeon |   3882 |   3755 |    127 |     85 |   3022 |   4 |  970.5 |
               +--------+--------+--------+--------+--------+-----+--------+

Top non-repeatable levels by time:
     D:2: 1302 daAuts
     D:1: 1165 daAuts
     D:3: 747 daAuts
     D:4: 666 daAuts
